 Dungeon Crawl Stone Soup version 0.26-a0-778-g3fe0686644 (webtiles) character file.

Game seed: 9253445677813798522

894 thag the Ruffian (level 7, 0/71 HPs)
             Began as a Troll Berserker on Nov 10, 2020.
             Was a Priest of Trog.
             Slain by a killer bee (1 damage)
             ... on level 4 of the Dungeon.
             The game lasted 00:51:53 (4927 turns).

thag the Ruffian (Troll Berserker)                  Turns: 4927, Time: 00:51:54

Health: 0/71       AC:  7    Str: 28    XL:     7   Next: 78%
Magic:  6/6        EV: 11    Int:  3    God:    Trog [***...]
Gold:   263        SH:  0    Dex:  9    Spells: 6/6 levels left

rFire    . . .     SeeInvis .   A - +1 mace (protect)
rCold    . . .     Faith    .   (no shield)
rNeg     + . .     Spirit   .   a - +1 animal skin
rPois    .         Reflect  .   (helmet restricted)
rElec    .         Harm     .   (no cloak)
rCorr    .         Rampage  .   (gloves unavailable)
MR       ++...                  (boots unavailable)
Stlth    ++........             k - amulet of magic regeneration
HPRegen  1.61/turn              t - ring of stealth
MPRegen  0.35/turn              q - ring of positive energy

@: lethally poisoned (0 -> -1), berserk cooldown, regenerating (expiring),
slowed, very slow
A: large, unfitting armour, claws 3, regeneration 1, shaggy fur 1, tough skin 3
a: Berserk, Trog's Hand, Renounce Religion


You were on level 4 of the Dungeon.
You worshipped Trog.
Trog was most pleased with you.
You visited 1 branch of the dungeon, and saw 5 of its levels.

You collected 263 gold pieces.

Inventory:

Hand Weapons
 b - a +0 mace
 l - a +0 mace
 m - a +0 dagger of holy wrath
 A - a +1 mace of protection (weapon)
Missiles
 C - 62 stones (quivered)
Armour
 a - a +1 animal skin (worn)
 f - a +1 barding
 h - a +0 leather armour
 i - a +0 pair of boots
 j - a +0 leather armour
 n - a +0 leather armour
 o - a +0 ring mail
 p - a +0 ring mail
 r - a +0 ring mail
 u - a +0 helmet
 w - a +0 chain mail
 x - a +0 robe
 B - a +0 pair of gloves
Jewellery
 d - a -4 ring of evasion
 k - an amulet of magic regeneration (around neck)
 q - a ring of positive energy (right claw)
 t - a ring of stealth (left claw)
Scrolls
 c - 7 scrolls of identify
 e - 2 scrolls of fog
 g - a scroll of teleportation
Potions
 v - a potion of brilliance


   Skills:
 + Level 4.7 Fighting
 - Level 2.6 Maces & Flails
 + Level 4.7 Dodging
 - Level 0.3 Stealth
 + Level 5.3 Unarmed Combat


You had 6 spell levels left.
You didn't know any spells.
Your spell library contained the following spells:

 Spells                   Type           Power        Failure   Level
 Beastly Appendage        Tmut           #.....       52%         1
 Wereblood                Tmut           #.......     67%         2
 Spider Form              Tmut/Pois      #.........   88%         3
 Ice Form                 Ice/Tmut       #.......     99%         4
 Blade Hands              Tmut           #.........   100%        5
 Chain Lightning          Conj/Air       #.........   100%        8
 Lehudib's Crystal Spear  Conj/Erth      #.........   100%        8
 Absolute Zero            Ice            #.........   100%        9
 Fire Storm               Conj/Fire      #.........   100%        9


Dungeon Overview and Level Annotations

Branches:
Dungeon (5/15)
 Temple: D:4-7

Altars:


Innate Abilities, Weirdness & Mutations

You are too large for most types of armour.
You have claws for hands.
Your natural rate of healing is unusually fast.
You are covered in fur. (AC +1)
You have extremely tough skin. (AC +3)


Message History

You completely miss the killer bee.
You feel sick. The killer bee barely misses you.
The killer bee stings you but does no damage.
The killer bee barely misses you. The killer bee misses you.
You miss the killer bee.
You feel sick. The killer bee completely misses you.
The killer bee barely misses you. The killer bee completely misses you.
The killer bee stings you.
* * * LOW HITPOINT WARNING * * *
You miss the killer bee.
You feel the effects of Trog's Hand fading.
You feel sick.
The killer bee stings you but does no damage.
The killer bee misses you. The killer bee stings you.
* * * LOW HITPOINT WARNING * * *
The killer bee closely misses you.
You miss the killer bee.
You feel sick. The killer bee stings you.
* * * LOW HITPOINT WARNING * * *
You are lethally poisoned!
The killer bee poisons you! The killer bee stings you.
You die...

#.......# #. #.......# #.
#..#.#..# #. ##......# #.
#.#.#..#### #######.
#.........#############)).)...
#####.....#..........##.######
#.....#...................
#.....#..@................
#.....#...y......##.######
#.....#..........##.# #
######.....#..........##.# #
#..........###'#########.# #
#.####.....# #.#########.# #
#.#........# #.#.).......# #
#.#........# #.#.######### #
#.#........#
#.#.##############


You could see a killer bee.

Vanquished Creatures
  Sigmund (D:4)
  An ogre (D:5)
  A scorpion (D:5)
  2 killer bees (D:5)
  2 orc priests
  An iguana (D:4)
  4 orc wizards
  4 worker ants
  A killer bee zombie (D:5)
  Robin (D:3)
  7 adders
  A howler monkey skeleton (D:4)
  3 worms
  A dart slug (D:1)
  5 leopard geckos
  16 orcs
  7 bats
  7 giant cockroaches
  11 goblins
  7 hobgoblins
  11 jackals
  3 quokkas
  2 ball pythons
  5 frilled lizards
  4 kobolds
  2 leopard gecko skeletons (D:4)
  6 rats
116 creatures vanquished.

Notes
Turn   | Place    | Note
-------+----------+-------------------------------------------
     0 | D:1      | thag the Troll Berserker began the quest for the Orb.
     0 | D:1      | Reached XP level 1. HP: 22/22 MP: 0/0
   179 | D:1      | Reached XP level 2. HP: 29/29 MP: 1/1
   632 | D:2      | Reached XP level 3. HP: 36/36 MP: 2/2
   678 | D:2      | Reached ** piety under Trog
   687 | D:2      | Reached skill level 1 in Maces & Flails
  1181 | D:1      | Reached XP level 4. HP: 44/44 MP: 3/3
  2647 | D:3      | HP: 1/45 [orc/+0 dagger (2)]
  2779 | D:3      | Reached XP level 5. HP: 35/53 MP: 4/4
  2909 | D:3      | Noticed Robin
  2916 | D:3      | Killed Robin
  2947 | D:3      | Reached *** piety under Trog
  3267 | D:4      | Noticed Sigmund
  3294 | D:4      | Killed Sigmund
  3294 | D:4      | Reached skill level 4 in Unarmed Combat
  3294 | D:4      | Reached XP level 6. HP: 47/62 MP: 5/5
  4310 | D:5      | Entered Level 5 of the Dungeon
  4382 | D:5      | Reached XP level 7. HP: 64/70 MP: 6/6
  4552 | D:5      | Reached skill level 5 in Unarmed Combat
  4736 | D:4      | HP: 3/71 [poisoned by a killer bee]
  4738 | D:4      | HP: 1/71 [poisoned by a killer bee]
  4926 | D:4      | HP: 3/71 [killer bee (3)]
  4927 | D:4      | HP: 1/71 [killer bee (4)]
  4927 | D:4      | Slain by a killer bee

Illustrated notes

Levels and vault maps discovered:
D:1:      ncdulo_smallfort, layout_basic
D:2:      layout_basic
D:3:      layout_basic, marbit_many_paths, minivault_14, uniq_robin
D:4:      layout_basic, serial_glass, glass_columns_a, glass_columns_a,
          glass_columns_b, glass_columns_a, uniq_sigmund
D:5:      layout_basic, uniq_crazy_yiuf_cottage

Skill      XL: |  1  2  3  4  5  6  7 |
---------------+----------------------+-----
Maces & Flails | 1 2 |  2.6
Fighting       | 3 4 |  4.7
Dodging        | 3 4 |  4.7
Unarmed Combat | 4 5 |  5.3
Stealth        | |  0.3

Action                   |  1- 3 |  4- 6 |  7- 9 || total
-------------------------+-------+-------+-------++-------
Melee: Mace              |   118 |   257 |    84 ||   459
       Unarmed           |     6 |       |       ||     6
       Punch             |       |     8 |     1 ||     9
Invok: Berserk           |       |     3 |     2 ||     5
       Trog's Hand       |       |       |     3 ||     3
  Use: Potion            |     2 |     5 |     2 ||     9
       Scroll            |     2 |     6 |     3 ||    11
Armor: Animal skin       |    58 |   132 |    71 ||   261
Dodge: Dodged            |   104 |   108 |    78 ||   290

Table legend: (Time is in decaauts)
 A = Elapsed time spent in this place.
 B = Non-inter-level travel time spent in this place.
 C = Inter-level travel time spent in this place.
 D = Time resting spent in this place.
 E = Time spent auto-exploring this place.
 F = Levels seen in this place.
 G = Mean time per level.
                   A        B        C        D        E       F      G
               +--------+--------+--------+--------+--------+-----+--------+
         Total |   5094 |   5094 |      0 |    414 |    240 |   5 | 1018.8 |
       Dungeon |   5094 |   5094 |      0 |    414 |    240 |   5 | 1018.8 |
               +--------+--------+--------+--------+--------+-----+--------+

Top non-repeatable levels by time:
     D:4: 1391 daAuts
     D:3: 1227 daAuts
     D:2: 1224 daAuts
     D:1: 746 daAuts
     D:5: 505 daAuts
